 Dungeon Crawl Stone Soup version 0.31-a0-150-g89dc3ad700 (webtiles) character file.

Game seed: 8747360974399375345

110 Ijustatesigmund the Stinger (level 4, 0/28 HPs)
             Began as an Octopode Venom Mage on June 8, 2023.
             Slain by a gnoll
             ... wielding a +0 spear
              (5 damage)
             ... on level 3 of the Dungeon.
             The game lasted 00:04:53 (2651 turns).

Ijustatesigmund the Stinger (Octopode Venom Mage)   Turns: 2651, Time: 00:04:54

Health: 0/28       AC:  1    Str:  7    XL:     4   Next: 91%
Magic:  0/8        EV: 13    Int: 19    God:
Gold:   61         SH:  0    Dex: 12    Spells: 2/8 levels left

rFire   . . .        c - +0 trident
rCold   . . .        (no shield)
rNeg    . . .        (helmet restricted)
rPois   .            (no amulet)
rElec   .            (no ring)
rCorr   .            (no ring)
SInv    .            (no ring)
Will    .....        (no ring)
Stlth   +++          (no ring)
HPRegen 0.24/turn    (no ring)
MPRegen 0.11/turn    (no ring)
                     (no ring)

%: no passive effects
@: very slightly contaminated
A: almost no armour, amphibious, 8 rings, camouflage 1, gelatinous body 1,
(nimble swimmer 1), tentacles
a: no special abilities


You were on level 3 of the Dungeon.
You visited 1 branch of the dungeon, and saw 3 of its levels.

You collected 103 gold pieces.
You spent 42 gold pieces at shops.

Inventory:

Hand Weapons
 c - a +0 trident (weapon)
Scrolls
 a - a scroll of blinking {unknown}
 b - a scroll of teleportation {unknown}
Potions
 g - a potion of cancellation {unknown}
 i - a potion of curing


   Skills:
 - Level 1.3 Fighting
 - Level 2.0 Dodging
 - Level 2.6 Stealth
 + Level 2.6 Spellcasting
 + Level 0.8 Conjurations
 + Level 2.2 Transmutations
 + Level 1.5 Air Magic
 + Level 4.3 Poison Magic


You had 2 spell levels left.
You knew the following spells:

 Your Spells              Type           Power      Damage    Failure   Level
a - Sting                 Tmut/Pois      60%        1d6       4%          1
b - Poisonous Vapours     Pois/Air       26%        N/A       7%          2
c - Mephitic Cloud        Conj/Pois/Air  11%        N/A       19%         3

Your spell library contained the following spells:

 Spells                   Type           Power      Damage    Failure   Level
 Beastly Appendage        Tmut           20%        N/A       6%          1
 Wereblood                Tmut           10%        N/A       10%         2
 Spider Form              Tmut/Pois      15%        N/A       12%         3
 Olgreb's Toxic Radiance  Pois           19%        N/A       26%         4


Dungeon Overview and Level Annotations

Branches:
Dungeon (3/15)

Altars:
Hepliaklqana

Shops:
D:2 !


Innate Abilities, Weirdness & Mutations

You cannot wear most types of armour.
You are amphibious.
You can wear up to eight rings at the same time.
Your skin changes colour to match your surroundings (Stealth+).
Your rubbery body absorbs attacks. (AC +1, EV +1)
((You are camouflaged when in or above water. (Stealth+)))
You have tentacles for arms and can constrict up to eight enemies at once.


Message History

The stinking cloud engulfs the gnoll but does no damage.
The gnoll is heavily wounded.
The gnoll is engulfed in noxious fumes.
The gnoll appears confused.
The gnoll shouts, "What's happening?!"
You reach to attack!
You hit the gnoll.
The gnoll is almost dead.
The gnoll hits itself with a +0 spear!
The gnoll is killed!
The gnoll is engulfed in noxious fumes.
The gnoll appears confused.
You reach to attack!
You hit the gnoll.
The gnoll is heavily wounded.
The gnoll closely misses you.
The gnoll is engulfed in noxious fumes.
The gnoll appears confused.
The gnoll barely misses you. x2
You puncture the gnoll!
You kill the gnoll!
The gnoll hits you from afar with a +0 spear!
You reach to attack!
You hit the gnoll.
The gnoll is lightly wounded.
The gnoll hits you from afar with a +0 spear!
You reach to attack!
You closely miss the gnoll.
The gnoll hits you from afar with a +0 spear.
You see here a +0 ring mail.
You see here 6 stones.
You aren't carrying any items that you can evoke.
Casting: Mephitic Cloud (quite dangerous; 19% risk of failure)
Confirm with . or Enter, or press ? or * to list all spells.
The spell is quite dangerous to miscast (19% risk of failure)!
Continue anyway?
Aiming: Mephitic Cloud (quite dangerous; 19% risk of failure)
Press: ? - help, Shift-Dir - straight line, f/p - gnoll
Aim: a gnoll, wielding a +0 spear (chance to affect: 91%)
You miscast Mephitic Cloud.
You are very lightly contaminated with residual magic.
Nothing appears to happen.
The gnoll barely misses you.
Unknown command.
The gnoll hits you with a +0 spear!
* * * LOW HITPOINT WARNING * * *
You hit the gnoll. Your grab misses the gnoll.
The gnoll is moderately wounded.
The gnoll hits you with a +0 spear.
You die...

#....### .[......#
####....#.. ........#
...........# #>......#
...#.....#.# #.......#
.......#.#. #......g#
##......_.. #....g))####
#...#.#.# ########...#
##...##.##
######..(..[.#.#
##......###...@g.#######
# ##.#...##..######
#.†....#.## ###.....)#
.....#...## ##.###.....
#. ##..### # .... #....#


You could see a gnoll.

Vanquished Creatures
  3 gnolls (D:3)
  3 worms
  2 dart slugs
  8 ball pythons
  10 bats
  4 endoplasms (D:1)
  A giant cockroach (D:3)
  6 goblins
  5 hobgoblins
  7 jackals
  4 kobolds
  3 quokkas
  4 frilled lizards
  3 rats (D:1)
63 creatures vanquished.

Notes
Turn   | Place    | Note
-------+----------+-------------------------------------------
     0 | D:1      | Ijustatesigmund the Octopode Venom Mage began the quest for
                  | the Orb.
     0 | D:1      | Reached XP level 1. HP: 11/11 MP: 3/3
   278 | D:1      | Reached XP level 2. HP: 18/18 MP: 5/5
   281 | D:1      | Learned a level 2 spell: Poisonous Vapours
   542 | D:1      | Reached skill level 1 in Fighting
   542 | D:1      | Reached XP level 3. HP: 23/23 MP: 3/6
   751 | D:1      | Reached skill level 4 in Poison Magic
  1326 | D:2      | Reached skill level 1 in Air Magic
  1435 | D:2      | Found a faded altar of an unknown god.
  1438 | D:2      | Found Jeten's Distillery.
  1647 | D:2      | Reached XP level 4. HP: 28/28 MP: 4/7
  1683 | D:2      | Learned a level 3 spell: Mephitic Cloud
  1717 | D:2      | Bought a potion of curing for 42 gold pieces
  2412 | D:3      | Found a hazy altar of Hepliaklqana.
  2651 | D:3      | Slain by a gnoll

Illustrated notes

Levels and vault maps discovered:
D:1:      dpeg_arrival_pits, layout_basic, nicolae_wormholes
D:2:      layout_basic, serial_shops, nicolae_shop_tiny_glass,
          dreamdust_ecumenical_altar_statues, minmay_ruptured
D:3:      layout_rooms, lemuel_crystal_altar

Skill      XL: |  1  2  3  4 |
---------------+-------------+-----
Fighting       | 1 |  1.3
Poison Magic   | 4 |  4.3
Air Magic      | 1 |  1.5
Transmutations | 2 |  2.2
Dodging        | |  2.0
Stealth        | |  2.6
Spellcasting   | |  2.6
Conjurations   | |  0.8

Action                     |  1- 3 |  4- 6 || total
---------------------------+-------+-------++-------
  Melee: Trident           |    82 |    38 ||   120
         Constrict         |    14 |     6 ||    20
         Tentacles         |    13 |     7 ||    20
         Punch             |     1 |       ||     1
   Cast: Sting             |     4 |     5 ||     9
         Poisonous Vapours |    13 |     9 ||    22
         Mephitic Cloud    |       |     3 ||     3
    Use: Scroll            |       |     5 ||     5
         Potion            |       |     1 ||     1
   Stab: Sleeping          |    11 |     2 ||    13
 Armour: Skin              |    11 |    12 ||    23
  Dodge: Dodged            |    31 |    66 ||    97

Table legend: (Time is in decaauts)
 A = Elapsed time spent in this place.
 B = Non-inter-level travel time spent in this place.
 C = Inter-level travel time spent in this place.
 D = Time resting spent in this place.
 E = Time spent auto-exploring this place.
 F = Levels seen in this place.
 G = Mean time per level.
                   A        B        C        D        E       F      G
               +--------+--------+--------+--------+--------+-----+--------+
         Total |   2687 |   2616 |     71 |    646 |   1543 |   3 |  895.7 |
       Dungeon |   2687 |   2616 |     71 |    646 |   1543 |   3 |  895.7 |
               +--------+--------+--------+--------+--------+-----+--------+

Top non-repeatable levels by time:
     D:2: 1343 daAuts
     D:1: 1043 daAuts
     D:3: 300 daAuts
